 Dungeon Crawl Stone Soup version 0.21.1-1-g345015f (webtiles) character file.

195 Mirai the Sneak (level 6, -1/32 HPs)
             Began as a Kobold Enchanter on Apr 26, 2018.
             Was an Initiate of Okawaru.
             Slain by a shadow imp (6 damage)
             ... on level 5 of the Dungeon.
             The game lasted 00:09:49 (3588 turns).

Mirai the Sneak (Kobold Enchanter)                  Turns: 3588, Time: 00:09:49

Health: -1/32      AC:  5    Str:  6    XL:     6   Next: 4%
Magic:  2/10       EV: 15    Int: 16    God:    Okawaru [......]
Gold:   308        SH:  5    Dex: 17    Spells: 2/11 levels left

rFire    . . .     SeeInvis .   a - +2 dagger
rCold    . . .     Gourm    .   q - +0 buckler
rNeg     . . .     Faith    .   b - +1 robe
rPois    .         Spirit   .   t - +0 helmet
rElec    .         Reflect  .   (no cloak)
rCorr    .         Harm     .   n - +0 pair of gloves
MR       +....                  (no boots)
Stlth    +++.......             (no amulet)
HPRegen  0.10/turn              g - ring of protection from magic
MPRegen  0.12/turn              i - ring of flight

@: very slightly contaminated
A: small, carnivore
a: Renounce Religion, Evoke Flight


You were on level 5 of the Dungeon.
You worshipped Okawaru.
Okawaru was noncommittal.
You were very full.

You visited 2 branches of the dungeon, and saw 6 of its levels.

You collected 308 gold pieces.

Inventory:

Hand Weapons
 a - a +2 dagger (weapon)
Armour
 b - a +1 robe (worn)
 n - a +0 pair of gloves (worn)
 q - a +0 buckler (worn)
 t - a +0 helmet (worn)
 u - the +3 chain mail of the Evening {+Blink rN+}
   (You found it on level 5 of the Dungeon)

   It protects you from negative energy.
   It lets you blink.
Jewellery
 g - a ring of protection from magic (left hand)
 i - a ring of flight (right hand)
Scrolls
 h - 6 scrolls of identify {unknown}
 j - a scroll of enchant armour
 k - 3 scrolls of amnesia {unknown}
 p - 2 scrolls of random uselessness {unknown}
 s - a scroll of fog {unknown}
 v - a scroll of teleportation
Potions
 e - 2 potions of curing {unknown}
 f - a potion of berserk rage {unknown}
 l - a potion of invisibility {unknown}
 m - a potion of cancellation {unknown}
 o - a potion of flight {unknown}
 r - a potion of might {unknown}
Books
 c - a book of Maledictions

   Spells                             Type                      Level
   a - Corona                         Hexes                        1
   b - Ensorcelled Hibernation        Hexes/Ice                    2
   c - Confuse                        Hexes                        3
   d - Tukima's Dance                 Hexes                        3
   e - Dazzling Spray                 Conjuration/Hexes            3
Comestibles
 d - 10 rations


   Skills:
 + Level 3.0 Short Blades
 + Level 3.5 Dodging
 * Level 5.4 Stealth
 + Level 0.4 Shields
 + Level 3.0 Spellcasting
 + Level 3.5 Hexes
 + Level 1.5 Ice Magic


You had 2 spell levels left.
You knew the following spells:

 Your Spells              Type           Power        Failure   Level  Hunger
a - Corona                Hex            ##.....      7%          1    #......
b - Ensorcelled Hibernat  Hex/Ice        ##....       16%         2    ##.....
c - Confuse               Hex            ##......     21%         3    ###....
d - Tukima's Dance        Hex            ##......     21%         3    ###....


Dungeon Overview and Level Annotations

Branches:
Dungeon (5/15)             Temple (1/1) D:4

Altars:
Ashenzari
Cheibriados
Dithmenos
Fedhas
Gozag
Hepliaklqana
Kikubaaqudgha
Makhleb
Nemelex Xobeh
Okawaru
Qazlal
Ru
Sif Muna
Uskayaw
Vehumet
Wu Jian
Yredelemnul
Zin
The Shining One


Innate Abilities, Weirdness & Mutations

You are small and have problems with some larger weapons.
You are carnivorous and can eat meat at any time.


Message History

You impale the worm!!
You kill the worm!
Okawaru accepts your kill. The shadow imp hits you.
Casting: Ensorcelled Hibernation
Confirm with . or Enter, or press ? or * to list all spells.
Aiming: Corona
Press: ? - help, Shift-Dir - straight line, f - shadow imp
Aim: a shadow imp (chance to defeat MR: 58%)
The shadow imp is outlined in light.
The shadow imp gestures at you. Pain shoots through your body!
* * * LOW HITPOINT WARNING * * *
You hit the shadow imp.
The shadow imp is lightly wounded.
The shadow imp misses you.
You hit the shadow imp but do no damage.
The shadow imp is lightly wounded.
The shadow imp hits you.
You die...

#.#. #.......#
##.# #.......#
#.## #.......#
#.#.
#.......###
#..# #.........
#### #..?....##
#_ #........###
##
#...5@.....####
##########....#
####.####
###....#####
#...........
#.........#.
#...........
#.........##
#####.#...##


You could see a shadow imp.

Vanquished Creatures
  A jelly (D:5)
  A worker ant (D:2)
  A hound skeleton (D:5)
  2 adders (D:3)
  4 gnolls
  An ooze (D:3)
  3 worms
  A dart slug (D:2)
  2 leopard geckos (D:1)
  3 orcs
  4 giant cockroaches
  4 goblins
  3 hobgoblins
  6 kobolds
  A quokka (D:4)
  2 ball pythons
  8 bats
  2 frilled lizards
  8 rats
57 creatures vanquished.

Notes
Turn   | Place    | Note
-------+----------+-------------------------------------------
     0 | D:1      | Mirai the Kobold Enchanter began the quest for the Orb.
     0 | D:1      | Reached XP level 1. HP: 10/10 MP: 3/3
     6 | D:1      | Found a glowing silver altar of Zin.
   443 | D:1      | Reached XP level 2. HP: 15/15 MP: 5/5
   482 | D:1      | Learned a level 2 spell: Ensorcelled Hibernation
   718 | D:1      | Reached XP level 3. HP: 10/19 MP: 6/6
   966 | D:2      | Reached XP level 4. HP: 24/24 MP: 7/7
   994 | D:2      | Learned a level 3 spell: Confuse
  1165 | D:2      | Found an opulent altar of Gozag.
  2218 | D:3      | Reached skill level 1 in Ice Magic
  2468 | D:3      | Reached XP level 5. HP: 28/28 MP: 9/9
  2494 | D:3      | Reached skill level 5 in Stealth
  2806 | D:3      | Found a deep blue altar of Sif Muna.
  3131 | D:4      | Found a staircase to the Ecumenical Temple.
  3179 | Temple   | Entered the Ecumenical Temple
  3184 | Temple   | Became a worshipper of Warmaster Okawaru
  3206 | D:4      | Learned a level 3 spell: Tukima's Dance
  3232 | D:5      | Entered Level 5 of the Dungeon
  3269 | D:5      | Got a fine chain mail
  3283 | D:5      | Identified the +3 chain mail of the Evening {+Blink rN+} (You found it on level 5 of the Dungeon)
  3354 | D:5      | Found a stormy altar of Qazlal.
  3455 | D:5      | Reached XP level 6. HP: 32/32 MP: 10/10
  3521 | D:5      | Found a shadowy altar of Dithmenos.
  3588 | D:5      | Slain by a shadow imp

Skill      XL: |  1  2  3  4  5 |
---------------+----------------+-----
Short Blades   | 2 3 |  3.0
Dodging        | 3 |  3.5
Ice Magic      | 1 |  1.5
Stealth        | 5 |  5.4
Spellcasting   | 3 |  3.0
Shields        | |  0.4
Hexes          | |  3.5

Action                   |  1- 3 |  4- 6 || total
-------------------------+-------+-------++-------
Melee: Dagger            |    61 |   132 ||   193
 Cast: Ensorcelled Hiber |     3 |    25 ||    28
       Corona            |     1 |     1 ||     2
 Abil: Evoke Flight      |       |     1 ||     1
  Use: Scroll            |       |     4 ||     4
 Stab: Sleeping          |    11 |    23 ||    34
  Eat: Chunk             |     9 |     9 ||    18
Armor: Robe              |     6 |    48 ||    54
Dodge: Dodged            |    49 |   157 ||   206
Block: Buckler           |       |     2 ||     2
